 Dungeon Crawl Stone Soup version 0.22.1-2-g9c5b331383 (webtiles) character file.

51 Gargoyl the Skirmisher (level 3, -2/31 HPs)
             Began as a Centaur Abyssal Knight on Dec 5, 2018.
             Was a Follower of Lugonu.
             Slain by a worm (10 damage)
             ... on level 3 of the Dungeon.
             The game lasted 00:02:51 (2199 turns).

Gargoyl the Skirmisher (Centaur Abyssal Knight)     Turns: 2199, Time: 00:02:51

Health: -2/31      AC:  5    Str: 14    XL:     3   Next: 57%
Magic:  4/4        EV:  8    Int: 11    God:    Lugonu [*.....]
Gold:   61         SH:  0    Dex:  9    Spells: 2/2 levels left

rFire    + . .     SeeInvis .   a - +1 hand axe
rCold    x . .     Gourm    .   (no shield)
rNeg     . . .     Faith    .   k - +0 ring mail
rPois    .         Spirit   .   (no helmet)
rElec    .         Reflect  .   (no cloak)
rCorr    .         Harm     .   (no gloves)
MR       .....                  (no barding)
Stlth    ..........             e - amulet of the acrobat
HPRegen  0.10/turn              h - ring of fire
MPRegen  0.09/turn              (no ring)

@: very quick
A: large, hooves 3, deformed body, speed 2, tough skin 3
a: Depart the Abyss, Renounce Religion


You were on level 3 of the Dungeon.
You worshipped Lugonu.
Lugonu was aware of your devotion.
You were not hungry.

You visited 1 branch of the dungeon, and saw 3 of its levels.
You visited the Abyss 1 time.

You collected 61 gold pieces.

Inventory:

Hand Weapons
 a - a +1 hand axe (weapon)
Missiles
 b - 5 javelins (quivered)
Armour
 k - a +0 ring mail (worn)
Jewellery
 e - an amulet of the acrobat (around neck)
 h - a ring of fire (left hand)
Scrolls
 i - a scroll of teleportation
 j - 3 scrolls of identify
Potions
 d - a potion of brilliance {unknown}
 f - a potion of curing {unknown}
Comestibles
 c - a ration


   Skills:
 + Level 3.3 Fighting
 + Level 2.2 Axes
 * Level 2.0 Armour
 + Level 0.9 Dodging
 * Level 2.6 Invocations


You had 2 spell levels left.
You didn't know any spells.
Your spell library was empty.

Dungeon Overview and Level Annotations

Branches:
Dungeon (3/15)

Altars:
Sif Muna
Wu Jian

Annotations:
D:2 Terence


Innate Abilities, Weirdness & Mutations

You have hooves in place of feet.
Armour fits poorly on your strangely shaped body.
You cover ground very quickly.
You have extremely tough skin. (AC +3)


Message History

You barely miss the leopard gecko.
The leopard gecko bites you but does no damage.
The worm bites you but does no damage. The leopard gecko bites you.
You barely miss the worm.
The worm is moderately wounded.
You hit the leopard gecko.
You kill the leopard gecko!
Lugonu accepts your kill. The worm bites you.
You see here a ration.
You hit the worm. You kick the worm.
The worm is severely wounded.
You hit the worm.
The worm is almost dead.
The worm bites you.
* * * LOW HITPOINT WARNING * * *
You hit the worm. Your kick misses the worm.
The worm is almost dead.
The worm bites you!
You die...

....... ....... .......
#. ##....... #..
#........ #.. #!..%....
#.# ####........
#..##.@w.†......
#.$..##††......
###....#.......
###########..#.##......
#...>.##...)##...######
#........#######...
#...<.......... ##.#
#.....########. #
#######


You could see a worm.

Vanquished Creatures
  2 adders (D:2)
  An ooze (D:2)
  2 dart slugs
  A leopard gecko (D:3)
  2 giant cockroaches
  2 hobgoblins (D:1)
  5 kobolds
  2 bats
  4 frilled lizards
  4 goblins
  A rat (D:1)
26 creatures vanquished.

Notes
Turn   | Place    | Note
-------+----------+-------------------------------------------
     0 | Abyss:1  | Gargoyl the Centaur Abyssal Knight began the quest for the
                  | Orb.
     0 | Abyss:1  | Reached XP level 1. HP: 19/19 MP: 2/2
    69 | Abyss:1  | Noticed a large abomination
    85 | D:1      | Escaped the Abyss
   706 | D:1      | Reached XP level 2. HP: 26/26 MP: 3/3
   974 | D:2      | Found an ornate altar of the Wu Jian Council.
   986 | D:2      | Reached * piety under Lugonu
  1020 | D:2      | Reached XP level 3. HP: 12/31 MP: 4/4
  1591 | D:2      | Found a deep blue altar of Sif Muna.
  1843 | D:2      | Noticed Terence
  2199 | D:3      | Slain by a worm

Skill      XL: |  1  2  3 |
---------------+----------+-----
Axes           | 2 |  2.2
Armour         | 2 |  2.0
Fighting       | |  3.3
Dodging        | |  0.9
Invocations    | |  2.6

Action                   || total
-------------------------++-------
Melee: Hand axe          ||    83
       Kick              ||     7
Invok: Depart the Abyss  ||     1
  Use: Scroll            ||     6
  Eat: Ration            ||     1
       Chunk             ||     1
Armor: Ring mail         ||    36
       Leather armour    ||     3
Dodge: Dodged            ||    79
